cohdb
Replays
Latest Replays
All Replays
Popular Replays
Top Player Replays
Match Explorer
How It Works
Community
CoH3 Stats
Reddit
Sign in to upload your games and track your stats! →
Sign in with Steam
Match 26437775
Unlisted
Match 26437775
Overview
Messages
Build Orders
End
Construct Barracks
Engineer Squad
1⁄4-ton 4x4 Truck
Riflemen Squad
Riflemen Squad
Infantry Support Center
Munitions Surplus
Riflemen Squad
M1918 Browning Automatic Rifles
Engineer Squad
Selects Special Operations Battlegroup
Selects Smoke Screen
Grenade Package
Selects SSF Commando Squad
Advanced Logistics
SSF Commando Squad
Survival Training
Construct Weapon Support Center
Demolitions Package
Improved M9 Bazooka Rockets
Selects Assault Operation
SSF Commando Squad
ConcernedApe
noony2351
炮姬
Joo Shiyoung
0
0
Comments
sign in to comment!
No comments posted yet!